 Dungeon Crawl Stone Soup version 0.27-a0-1101-ge311f74bc8 (webtiles) character file.

Game seed: 628223885053605804

8 siradein the Skirmisher (level 2, 24/24 HPs)
             Began as a Demonspawn Fighter on Apr 28, 2021.
             Quit the game on level 1 of the Dungeon.
             The game lasted 00:00:43 (238 turns).

siradein the Skirmisher (Demonspawn Fighter)         Turns: 238, Time: 00:00:44

Health: 24/24      AC:  6    Str: 16    XL:     2   Next: 0%
Magic:  2/2        EV:  6    Int:  9    God:
Gold:   0          SH:  8    Dex: 12    Spells: 1/1 levels left

rFire    . . .     SeeInvis .   a - +0 long sword
rCold    . . .     Faith    .   c - +0 kite shield
rNeg     . . .     Spirit   .   b - +0 scale mail
rPois    .         Reflect  .   (no helmet)
rElec    .         Harm     .   (no cloak)
rCorr    .         Rampage  .   (no gloves)
Will     .....                  (no boots)
Stlth    ..........             (no amulet)
HPRegen  0.08/turn              (no ring)
MPRegen  0.08/turn              (no ring)

@: no status effects
A: claws 1
a: no special abilities


You were on level 1 of the Dungeon.
You visited 1 branch of the dungeon, and saw 1 of its levels.

Inventory:

Hand Weapons
 a - a +0 long sword (weapon)
Armour
 b - a +0 scale mail (worn)
 c - a +0 kite shield (worn)
Scrolls
 e - a scroll of identify {unknown}
Potions
 d - a potion of might


   Skills:
 - Level 3.0 Fighting
 + Level 2.5 Long Blades
 - Level 2.6 Armour
 - Level 2.6 Shields


You had one spell level left.
You didn't know any spells.
Your spell library was empty.

Dungeon Overview and Level Annotations

Branches:
Dungeon (1/15)

Altars:

Annotations:
D:1 1 runed translucent door


Innate Abilities, Weirdness & Mutations

You have sharp fingernails.


Message History

a +0 short sword; a stone; a kobold corpse
Things that are here:
a +0 short sword; a stone; a kobold corpse You open the door.
There is an open door here.
There is an open door here.
A rat comes into view.
A rat is nearby!
A rat is nearby!
A rat is nearby!
You hit the rat but do no damage.
The rat bites you but does no damage. x2
You hit the rat but do no damage. The rat completely misses you.
You riposte.
You slash the rat!
You kill the rat!
No target in view!
No target in view!
No target in view!
You see here a rat corpse.
Found an escape hatch in the floor.
A goblin comes into view. It is wielding a +0 club.
A goblin is nearby!
A goblin is nearby!
A goblin is nearby!
A quokka comes into view.
You slash the goblin!
You kill the goblin!
You closely miss the quokka.
The quokka bites you but does no damage.
The quokka barely misses you.
You completely miss the quokka.
The quokka bites you but does no damage.
The quokka barely misses you.
You barely miss the quokka. You block the quokka's attack. x2
You slash the quokka!
You kill the quokka!
You have reached level 2!
You feel monstrous as your demonic heritage exerts itself.
Your demonic ancestry asserts itself...
Your fingernails lengthen.
Are you sure you want to abandon this character and quit the game? (Confirm with "yes".)

#.##.# ########. #.##.#
#......#. #.##.###......#.
###.##..........#.
#...............'. ####
#.#†######......#. .....
#.#...........#.#.
###...#.#.#.#######.#.#.
......)@..#.#######.#.#.
###...#.#.........#.#.#.
#.. #>#.........#.#... #.
..#.........#.#.#.
##########.......#.###.
...... +.............
###...####......##.###.
................##.# #.
#############..##.....##.#
#.


There were no monsters in sight!

Vanquished Creatures
  A dart slug (D:1)
  A goblin (D:1)
  A quokka (D:1)
  2 kobolds (D:1)
  A rat (D:1)
6 creatures vanquished.

Notes
Turn   | Place    | Note
-------+----------+-------------------------------------------
     0 | D:1      | siradein the Demonspawn Fighter began the quest for the
                  | Orb.
     0 | D:1      | Reached XP level 1. HP: 18/18 MP: 1/1
     1 | D:1      | Found a runed translucent door.
   238 | D:1      | Gained mutation: You have sharp fingernails. [demonic
                  | ancestry]
   238 | D:1      | Reached XP level 2. HP: 24/24 MP: 2/2
   238 | D:1      | Quit the game

Illustrated notes

Levels and vault maps discovered:
D:1:      dpeg_arrival_caged_fury, layout_basic,
          hellmonk_ecumenical_altar_slurped_away

Skill      XL: |  1 |
---------------+----+-----
Long Blades    | 2 |  2.5
Fighting       | |  3.0
Armour         | |  2.6
Shields        | |  2.6

Action                   || total
-------------------------++-------
Melee: Long sword        ||    21
Armor: Scale mail        ||     9
Dodge: Dodged            ||     6
Block: Kite shield       ||     7
       Rpst.: Long sword ||     2

Table legend: (Time is in decaauts)
 A = Elapsed time spent in this place.
 B = Non-inter-level travel time spent in this place.
 C = Inter-level travel time spent in this place.
 D = Time resting spent in this place.
 E = Time spent auto-exploring this place.
 F = Levels seen in this place.
 G = Mean time per level.
                   A        B        C        D        E       F      G
               +--------+--------+--------+--------+--------+-----+--------+
         Total |    249 |    249 |      0 |      0 |    202 |   1 |  249.0 |
       Dungeon |    249 |    249 |      0 |      0 |    202 |   1 |  249.0 |
               +--------+--------+--------+--------+--------+-----+--------+

Top non-repeatable levels by time:
     D:1: 249 daAuts
